 Dungeon Crawl Stone Soup version 0.27-a0-103-g6cd7b45605 (webtiles) character file.

Game seed: 6474596923927672651

14 vurker the Firebug (level 2, -3/18 HPs)
             Began as an Octopode Fire Elementalist on Jan 23, 2021.
             Killed from afar by Sigmund (13 damage)
             ... with a puff of flame
             ... on level 2 of the Dungeon.
             The game lasted 00:01:04 (1154 turns).

vurker the Firebug (Octopode Fire Elementalist)     Turns: 1154, Time: 00:01:04

Health: -3/18      AC:  1    Str:  7    XL:     2   Next: 45%
Magic:  1/5        EV: 13    Int: 17    God:
Gold:   66         SH:  0    Dex: 12    Spells: 4/5 levels left

rFire    . . .     SeeInvis .   b - +0 dagger
rCold    . . .     Faith    .   (no shield)
rNeg     . . .     Spirit   .   (helmet restricted)
rPois    .         Reflect  .   (no amulet)
rElec    .         Harm     .   (no ring)
rCorr    .         Rampage  .   (no ring)
Will     .....                  (no ring)
Stlth    +++.......             (no ring)
HPRegen  0.06/turn              (no ring)
MPRegen  0.09/turn              (no ring)
                                (no ring)
                                (no ring)

@: no status effects
A: almost no armour, stealthy swim, amphibious, 8 rings, constrict 8, camouflage
1, gelatinous body 1
a: no special abilities


You were on level 2 of the Dungeon.
You visited 1 branch of the dungeon, and saw 2 of its levels.

You collected 66 gold pieces.

Inventory:

Hand Weapons
 b - a +0 dagger (weapon)
   (You took it off a goblin on level 1 of the Dungeon)
Scrolls
 c - 3 scrolls of remove curse {unknown}
 d - 2 scrolls of enchant armour {unknown}
 e - 2 scrolls of enchant weapon {unknown}
 g - a scroll of identify {unknown}
 h - a scroll of amnesia {unknown}
Potions
 a - 2 potions of might {unknown}
 f - a potion of mutation {unknown}


   Skills:
 + Level 0.3 Fighting
 - Level 2.0 Dodging
 - Level 2.6 Stealth
 * Level 2.2 Spellcasting
 * Level 1.4 Conjurations
 * Level 3.2 Fire Magic


You had 4 spell levels left.
You knew the following spells:

 Your Spells              Type           Power        Failure   Level
a - Foxfire               Conj/Fire      36%          7%          1

Your spell library contained the following spells:

 Spells                   Type           Power        Failure   Level
 Conjure Flame            Conj/Fire      9%           22%         3
 Inner Flame              Hex/Fire       7%           28%         3
 Sticky Flame             Conj/Fire      9%           56%         4
 Fireball                 Conj/Fire      4%           89%         5


Dungeon Overview and Level Annotations

Branches:
Dungeon (2/15)

Altars:

Annotations:
D:2 Sigmund


Innate Abilities, Weirdness & Mutations

You cannot wear most types of armour.
You are very stealthy in the water. (Stealth+)
You are amphibious.
You can wear up to eight rings at the same time.
You can use your tentacles to constrict eight enemies at once.
Your skin changes colour to match your surroundings (Stealth+).
Your rubbery body absorbs attacks. (AC +1, EV +1)


Message History

You kill the kobold!
No target in view!
Things that are here:
a +0 short sword; a kobold corpse Key pressed, stopping explore.
Found a scroll labelled DOTIP RARU AFA.
Found an escape hatch in the floor.
d - 2 scrolls labelled DOTIP RARU AFA (gained 1) Done exploring.
Done exploring.
Done exploring.
There is an escape hatch in the floor here.
You slide downwards.
The hatch slams shut behind you.
Sigmund the Dreaded comes into view.
He is wielding a +0 scythe.
A goblin comes into view. It is wielding a +0 club.
Found 24 gold pieces, a cloak and a scroll labelled MEEZOTZ MOTRA.
Found a stone staircase leading down.
You miscast Foxfire.
You are very lightly contaminated with residual magic.
Nothing appears to happen.
The goblin shouts!
You hear a shout!
You conjure some foxfire!
You conjure some foxfire!
The foxfire hits the goblin. x2
You kill the goblin!
You conjure some foxfire!
Your magical contamination has completely faded away.
c - 3 scrolls labelled MEEZOTZ MOTRA (gained 1)
Things that are here:
a +0 club; a goblin corpse You conjure some foxfire!
Sigmund shouts!
You conjure some foxfire!
You conjure some foxfire!
The foxfire hits Sigmund. x2
You conjure some foxfire!
The foxfire hits Sigmund but does no damage. x2
You conjure some foxfire!
The foxfire hits Sigmund.
The foxfire hits Sigmund but does no damage.
The foxfire hits Sigmund.
You don't have enough magic to cast that spell.
The foxfire hits Sigmund. x2
Sigmund points at himself and mumbles some strange words.
Sigmund flickers and vanishes!
Deactivating autopickup; reactivate with Ctrl-A.
You are confused.
You bump into the rock wall.
You feel less confused. Something hits you!
A puff of flame appears from out of thin air!
The puff of flame hits you!
Ouch! That really hurt!
You die...

.........# #.
.........### #<
........... #.
..#........ #. #.#......
#.#######.#...#
######.........#)..#
...................##...
.......@..{.........$>..
######.########........#
#. #.....$..# ..
#........# ###
#........# ####..#.##
#.#... .. ##


There were no monsters in sight!

Vanquished Creatures
  A giant cockroach (D:1)
  5 goblins
  A hobgoblin (D:1)
  2 kobolds (D:1)
  A bat (D:1)
  2 frilled lizards (D:1)
  2 rats (D:1)
14 creatures vanquished.

Vanquished Creatures (others)
  23 foxfires
23 creatures vanquished.

Grand Total: 37 creatures vanquished

Notes
Turn   | Place    | Note
-------+----------+-------------------------------------------
     0 | D:1      | vurker the Octopode Fire Elementalist began the quest for
                  | the Orb.
     0 | D:1      | Reached XP level 1. HP: 11/11 MP: 3/3
    10 | D:1      | You fall into a shaft and drop 1 floor!
   168 | D:1      | Reached XP level 2. HP: 9/17 MP: 1/5
  1077 | D:2      | Noticed Sigmund
  1154 | D:2      | Killed from afar by Sigmund

Illustrated notes

Levels and vault maps discovered:
D:1:      grunt_arrival_crossed_arrows, layout_basic, minmay_vboxes
D:2:      layout_basic, grunt_temple_overflow_order_and_chaos_1,
          chequers_ecumenical_altar_simple_redux, uniq_sigmund

Action                   || total
-------------------------++-------
Melee: Unarmed           ||    14
       Constrict         ||     5
       Dagger            ||     8
       Tentacles         ||     2
 Cast: Foxfire           ||    16
 Stab: Sleeping          ||     3
Armor: Skin              ||     4
Dodge: Dodged            ||    18

Table legend: (Time is in decaauts)
 A = Elapsed time spent in this place.
 B = Non-inter-level travel time spent in this place.
 C = Inter-level travel time spent in this place.
 D = Time resting spent in this place.
 E = Time spent auto-exploring this place.
 F = Levels seen in this place.
 G = Mean time per level.
                   A        B        C        D        E       F      G
               +--------+--------+--------+--------+--------+-----+--------+
         Total |   1154 |   1153 |      1 |      0 |   1013 |   2 |  577.0 |
       Dungeon |   1154 |   1153 |      1 |      0 |   1013 |   2 |  577.0 |
               +--------+--------+--------+--------+--------+-----+--------+

Top non-repeatable levels by time:
     D:1: 1064 daAuts
     D:2: 90 daAuts
